 Dungeon Crawl Stone Soup version 0.28.0-45-g0d030f2227 (webtiles) character file.

Game seed: 2640984225894644143

845 DearestLeader the Shield-Bearer (level 8, -2/67 HPs)
             Began as a Gnoll Fighter on Apr 1, 2022.
             Slain by an ogre
             ... wielding a +0 giant club
              (24 damage)
             ... on level 5 of the Dungeon.
             The game lasted 00:05:41 (4945 turns).

DearestLeader the Shield-Bearer (Gnoll Fighter)     Turns: 4945, Time: 00:05:41

Health: -2/67      AC: 11    Str: 25    XL:     8   Next: 0%
Magic:  12/12      EV: 10    Int:  7    God:
Gold:   92         SH:  5    Dex: 11    Spells: 12/12 levels left

rFire   + . .      SeeInvis .   a - +0 war axe
rCold   . . .      Faith    .   c - +0 buckler
rNeg    . . .      Spirit   .   b - +0 scale mail
rPois   .          Reflect  .   k - +1 helmet
rElec   .          Harm     .   (no cloak)
rCorr   .          Rampage  .   s - +0 pair of gloves
Will    .....                   (no boots)
Stlth   +.........              (no amulet)
HPRegen 0.21/turn               n - ring of protection from fire
MPRegen 0.13/turn               o - +6 ring of strength

@: no status effects
A: fangs 1, strong nose, distributed training
a: no special abilities


You were on level 5 of the Dungeon.
You visited 1 branch of the dungeon, and saw 5 of its levels.

You collected 272 gold pieces.
You spent 180 gold pieces at shops.

Inventory:

Hand Weapons
 a - a +0 war axe (weapon)
Armour
 b - a +0 scale mail (worn)
 c - a +0 buckler (worn)
 k - a +1 helmet (worn)
 s - a +0 pair of gloves (worn)
Jewellery
 n - a ring of protection from fire (left hand)
 o - a +6 ring of strength (right hand)
Wands
 d - a wand of acid (5)
 l - a wand of paralysis (3)
Scrolls
 e - a scroll of blinking {unknown}
 i - 2 scrolls of teleportation
 m - 2 scrolls of fear {unknown}
 p - a scroll of holy word {unknown}
 q - 3 scrolls of identify
 r - a scroll of vulnerability {unknown}
 u - 2 scrolls of noise {unknown}
Potions
 f - a potion of magic
 g - a potion of curing {unknown}
 h - a potion of lignification {unknown}
 j - a potion of ambrosia
 t - a potion of berserk rage {unknown}
 v - a potion of brilliance {unknown}
 w - a potion of heal wounds {unknown}


   Skills:
 + Level 7.2 Fighting
 + Level 2.8 Short Blades
 + Level 2.8 Long Blades
 + Level 5.4 Axes
 + Level 2.8 Maces & Flails
 + Level 2.8 Polearms
 + Level 2.8 Staves
 + Level 2.8 Slings
 + Level 2.8 Bows
 + Level 2.8 Crossbows
 + Level 2.8 Throwing
 + Level 7.2 Armour
 + Level 2.8 Dodging
 + Level 2.8 Stealth
 + Level 7.2 Shields
 + Level 2.8 Unarmed Combat
 + Level 2.8 Spellcasting
 + Level 2.3 Conjurations
 + Level 2.3 Hexes
 + Level 2.3 Summonings
 + Level 2.3 Necromancy
 + Level 2.3 Translocations
 + Level 2.3 Transmutations
 + Level 2.3 Fire Magic
 + Level 2.3 Ice Magic
 + Level 2.3 Air Magic
 + Level 2.3 Earth Magic
 + Level 2.3 Poison Magic
 + Level 3.1 Invocations
 + Level 2.8 Evocations


You had 12 spell levels left.
You didn't know any spells.
Your spell library contained the following spells:

 Spells                   Type           Power      Damage    Failure   Level
 Scorch                   Fire           8%         2d5       50%         2
 Confusing Touch          Hex            4%         N/A       73%         3
 Ignite Poison            Fire/Tmut/Pois 4%         N/A       73%         3
 Inner Flame              Hex/Fire       4%         N/A       73%         3
 Tukima's Dance           Hex            4%         N/A       73%         3
 Anguish                  Hex/Necr       2%         N/A       98%         4
 Yara's Violent Unravell  Hex/Tmut       2%         3d3       100%        5
 Enfeeble                 Hex            2%         N/A       100%        7


Dungeon Overview and Level Annotations

Branches:
Dungeon (5/15)
 Temple: D:4-7

Altars:
Gozag

Shops:
D:3 (:*


Innate Abilities, Weirdness & Mutations

You have very sharp teeth.
Your uncanny sense of smell can sniff out nearby items.
Your experience applies equally to all skills.


Message History

You closely miss the scorpion.
The scorpion is moderately wounded.
You block the scorpion's attack.
You barely miss the scorpion.
The scorpion is moderately wounded.
The scorpion stings you.
You are poisoned.
The scorpion poisons you! The scorpion closely misses you.
You hit the scorpion.
The scorpion is heavily wounded.
You feel very sick. The scorpion stings you.
You hit the scorpion.
The scorpion is severely wounded.
You feel sick. The scorpion barely misses you. The scorpion closely misses you.
You hit the scorpion.
The scorpion is almost dead.
You feel sick. The scorpion closely misses you.
You slash the scorpion!
You kill the scorpion!
You feel sick.
You have reached level 8!
You feel stronger.
You are confused.
You feel invigorated.
You feel sick. The ogre hits you with a +0 giant club!
* * * LOW HITPOINT WARNING * * *
You completely miss the ogre.
The ogre is lightly wounded.
You feel sick. The ogre closely misses you.
You hit the ogre. Your bite misses the ogre.
The ogre is moderately wounded.
You feel less invigorated.
You feel less confused.
You feel sick.
You are no longer poisoned.
The ogre completely misses you.
You slash the ogre! You bite the ogre.
The ogre is almost dead.
The ogre hits you with a +0 giant club!!
You die...

###### # #....# ### #....#
#.. #....# ##### #.. #....#
#...# #.. #....# #...## #..
######....# ....# #..
#.........#####...#### #..
#...........@O'....(.### #..
#.........#####......... #..
#.........# ###....... ###
#.........# .......
#.........# #.......
.........## .+....... #
.........#####.##.........###
................<..#+#.......
######......##..##.#. #######


You could see an ogre.

Vanquished Creatures
  Menkaure (D:5)
  An ogre (D:5)
  A phantom (D:5)
  2 scorpions
  A howler monkey (D:4)
  3 hounds
  7 iguanas
  A gnoll (D:4)
  4 adders
  2 worms
  9 orcs
  5 ball pythons
  6 endoplasms
  4 giant cockroaches
  6 goblins
  4 hobgoblins
  10 jackals
  11 kobolds
  4 quokkas
  3 bats
  4 frilled lizards
  A rat (D:2)
90 creatures vanquished.

Notes
Turn   | Place    | Note
-------+----------+-------------------------------------------
     0 | D:1      | DearestLeader the Gnoll Fighter began the quest for the
                  | Orb.
     0 | D:1      | Reached XP level 1. HP: 23/23 MP: 1/1
   349 | D:1      | Reached XP level 2. HP: 29/29 MP: 2/2
   777 | D:2      | Reached XP level 3. HP: 34/35 MP: 3/3
   783 | D:2      | Got the Compendium of the Blaze
   929 | D:2      | Reached skill level 1 in Invocations
  1222 | D:2      | You fall into a shaft and drop 1 floor!
  1246 | D:3      | Reached skill level 1 in Short Blades
  1246 | D:3      | Reached skill level 1 in Long Blades
  1246 | D:3      | Reached skill level 1 in Maces & Flails
  1246 | D:3      | Reached skill level 1 in Polearms
  1246 | D:3      | Reached skill level 1 in Staves
  1246 | D:3      | Reached skill level 1 in Slings
  1246 | D:3      | Reached skill level 1 in Bows
  1246 | D:3      | Reached skill level 1 in Crossbows
  1246 | D:3      | Reached skill level 1 in Throwing
  1246 | D:3      | Reached skill level 1 in Dodging
  1246 | D:3      | Reached skill level 1 in Stealth
  1246 | D:3      | Reached skill level 1 in Unarmed Combat
  1246 | D:3      | Reached skill level 1 in Spellcasting
  1246 | D:3      | Reached skill level 1 in Evocations
  1352 | D:3      | Reached XP level 4. HP: 37/41 MP: 5/5
  1517 | D:3      | Found Tibiat's Assorted Antiques.
  1631 | D:3      | Found an opulent altar of Gozag.
  2021 | D:3      | Found Imudditt's Book Boutique.
  2100 | D:3      | Bought a runed peridot ring for 150 gold pieces
  2100 | D:3      | Bought a scroll labelled VUEMPI IDEISS for 30 gold pieces
  2284 | D:3      | Found Piockuex's Antique Weapon Shoppe.
  2591 | D:4      | Noticed a scorpion
  2600 | D:4      | Killed a scorpion
  2601 | D:4      | Reached skill level 1 in Conjurations
  2601 | D:4      | Reached skill level 1 in Hexes
  2601 | D:4      | Reached skill level 1 in Summonings
  2601 | D:4      | Reached skill level 1 in Necromancy
  2601 | D:4      | Reached skill level 1 in Translocations
  2601 | D:4      | Reached skill level 1 in Transmutations
  2601 | D:4      | Reached skill level 1 in Fire Magic
  2601 | D:4      | Reached skill level 1 in Ice Magic
  2601 | D:4      | Reached skill level 1 in Air Magic
  2601 | D:4      | Reached skill level 1 in Earth Magic
  2601 | D:4      | Reached skill level 1 in Poison Magic
  2601 | D:4      | Reached XP level 5. HP: 27/47 MP: 5/7
  3073 | D:4      | Reached XP level 6. HP: 38/53 MP: 8/8
  3747 | D:4      | Reached skill level 5 in Axes
  4144 | D:5      | Entered Level 5 of the Dungeon
  4154 | D:5      | Reached XP level 7. HP: 50/59 MP: 10/10
  4235 | D:5      | Noticed Menkaure
  4244 | D:5      | Killed Menkaure
  4942 | D:5      | Reached XP level 8. HP: 24/67 MP: 12/12
  4945 | D:5      | Slain by an ogre

Illustrated notes

Levels and vault maps discovered:
D:1:      minmay_arrival_four_houses, layout_loops_ring
D:2:      layout_rooms, serial_curves, eino_curves_03, eino_curves_03
D:3:      layout_basic, nicolae_gozag_seed_capital, serial_shops,
          nicolae_shop_waterfront, shop_fountains, nicolae_lakefront_shop,
          minivault_27, hangedman_decor_clover_reticule
D:4:      kennysheep_six_static_rooms, layout_loops_corners
D:5:      layout_basic, uniq_menkaure

Skill      XL: |  1  2  3  4  5  6  7 |
---------------+----------------------+-----
Invocations    | 1 2 3 |  3.1
Short Blades   | 1 2 |  2.8
Long Blades    | 1 2 |  2.8
Maces & Flails | 1 2 |  2.8
Polearms       | 1 2 |  2.8
Staves         | 1 2 |  2.8
Slings         | 1 2 |  2.8
Bows           | 1 2 |  2.8
Crossbows      | 1 2 |  2.8
Throwing       | 1 2 |  2.8
Dodging        | 1 2 |  2.8
Stealth        | 1 2 |  2.8
Unarmed Combat | 1 2 |  2.8
Spellcasting   | 1 2 |  2.8
Evocations     | 1 2 |  2.8
Conjurations   | 1 2 |  2.3
Hexes          | 1 2 |  2.3
Summonings     | 1 2 |  2.3
Necromancy     | 1 2 |  2.3
Translocations | 1 2 |  2.3
Transmutations | 1 2 |  2.3
Fire Magic     | 1 2 |  2.3
Ice Magic      | 1 2 |  2.3
Air Magic      | 1 2 |  2.3
Earth Magic    | 1 2 |  2.3
Poison Magic   | 1 2 |  2.3
Axes           | 5 |  5.4
Fighting       | 7 |  7.2
Armour         | 7 |  7.2
Shields        | 7 |  7.2

Action                   |  1- 3 |  4- 6 |  7- 9 || total
-------------------------+-------+-------+-------++-------
Melee: War axe           |    74 |   140 |    69 ||   283
       Bite              |     5 |    10 |     2 ||    17
Evoke: Wand              |       |     1 |     2 ||     3
  Use: Scroll            |       |     4 |       ||     4
       Potion            |       |     1 |     1 ||     2
Armor: Scale mail        |    42 |    40 |    21 ||   103
Dodge: Dodged            |    45 |    73 |    35 ||   153
Block: Buckler           |    21 |    39 |    13 ||    73
